 Dungeon Crawl Stone Soup version 0.28.0-53-g5a82cb258f (webtiles) character file.

Game seed: 11555920924762590260

87978 mcbry74 the Impaler (level 15, -22/120 HPs)
             Began as a Merfolk Gladiator on July 12, 2022.
             Was the Champion of Okawaru.
             Annihilated by Agnes
             ... wielding a +4 vampiric lajatang
              (28 damage)
             ... on level 13 of the Dungeon.
             The game lasted 02:01:20 (22225 turns).

mcbry74 the Impaler (Merfolk Gladiator)            Turns: 22225, Time: 02:01:20

Health: -22/120    AC: 20    Str: 17    XL:     15   Next: 92%
Magic:  20/20      EV: 13    Int: 16    God:    Okawaru [******]
Gold:   872        SH:  0    Dex: 16    Spells: 12/14 levels left

rFire   . . .      SeeInvis .   N - +2 glaive (venom)
rCold   + . .      Faith    .   (shield currently unavailable)
rNeg    . . .      Spirit   .   z - +2 chain mail {Will+}
rPois   .          Reflect  .   k - +1 helmet
rElec   .          Harm     .   P - +0 cloak
rCorr   .          Rampage  .   a - +2 pair of gloves of Xonopi {Int+4}
Will    +++..      Rnd*Tele +   t - +0 pair of boots
Stlth   ..........              g - amulet of regeneration
HPRegen 1.10/turn               f - ring of willpower
MPRegen 0.17/turn               L - ring of protection from cold

@: about to teleport, invisible
A: (nimble swimmer 2), mertail, teleportitis 1
a: Renounce Religion, Heroism, Finesse, Duel


You were on level 13 of the Dungeon.
You worshipped Okawaru.
Okawaru was exalted by your worship.
You visited 5 branches of the dungeon, and saw 24 of its levels.
You visited the Abyss 1 time.
You also visited: Ossuary and Ice Cave.

You collected 2357 gold pieces.
You spent 1485 gold pieces at shops.

Inventory:

Hand Weapons
 i - a +3 trident of flaming
 N - a +2 glaive of venom (weapon)
 U - the +12 bardiche of Foolhardiness {antimagic, rPois rF+ Will- rCorr Stlth+}
   (You acquired it on level 10 of the Dungeon)

   It reduces the magical energy of the wielder, and disrupts the spells and
   magical abilities of those it strikes.
   Natural abilities and divine invocations are not affected.
   rF:        It protects you from fire.
   rPois:     It protects you from poison.
   rCorr:     It protects you from acid and corrosion.
   Will:      It decreases your willpower.
   Stlth:     It makes you more stealthy.
 W - a +4 glaive
Missiles
 b - 4 atropa-tipped darts
 c - 3 boomerangs of dispersal
 d - 6 throwing nets
 n - a curare-tipped dart
 A - 9 datura-tipped darts
 C - 2 boomerangs (quivered)
 O - 2 silver boomerangs
 R - 10 javelins
 X - 13 silver javelins
Armour
 a - the +2 pair of gloves of Xonopi (worn) {Int+4}
   (You bought it in a shop on level 2 of the Orcish Mines)

   Int:       It affects your intelligence (+4).
 k - a +1 helmet (worn)
 t - a +0 pair of boots (worn)
 z - a +2 chain mail of willpower (worn)
 G - a +0 troll leather armour
 P - a +0 cloak (worn)
Jewellery
 f - a ring of willpower (left hand)
 g - an amulet of regeneration (around neck)
 q - a ring of resist corrosion
 E - a ring of protection from fire
 I - a ring of willpower
 K - a ring of see invisible
 L - a ring of protection from cold (right hand)
Wands
 h - a wand of paralysis (11)
 m - a wand of flame (26)
 v - a wand of mindburst (5)
 F - a wand of iceblast (3)
 M - a wand of digging (9)
 Z - a wand of acid (8)
Scrolls
 e - 10 scrolls of identify
 j - 5 scrolls of fear
 w - 4 scrolls of immolation
 B - 12 scrolls of teleportation
 H - 2 scrolls of fog
 J - 4 scrolls of magic mapping
 S - 3 scrolls of blinking
Potions
 l - a potion of haste
 o - 8 potions of curing
 p - a potion of berserk rage
 r - a potion of flight
 s - 4 potions of heal wounds
 x - 3 potions of ambrosia
 D - 3 potions of might
 Q - 5 potions of resistance
 V - 2 potions of invisibility
 Y - 2 potions of cancellation
Miscellaneous
 u - a phial of floods
 y - a tin of tremorstones (2/2)
 T - a piece from Xom's chessboard (15/15)


   Skills:
 + Level 11.7 Fighting
 + Level 20.8 Polearms
 + Level 13.5 Throwing
 * Level 7.0 Armour
 - Level 13.9 Dodging
 - Level 9.3 Transmutations
 + Level 5.0 Poison Magic
 - Level 7.9 Invocations
 + Level 8.9 Evocations


You had 12 spell levels left.
You knew the following spells:

 Your Spells              Type           Power      Damage    Failure   Level
a - Wereblood             Tmut           29%        N/A       10%         2

Your spell library contained the following spells:

 Spells                   Type           Power      Damage    Failure   Level
 Sting                    Tmut/Pois      88%        1d7       16%         1
 Ignite Poison            Fire/Tmut/Pois 15%        N/A       77%         3
 Poisonous Vapours        Pois/Air       16%        N/A       85%         2
 Freeze                   Ice            0%         1d3       96%         1
 Olgreb's Toxic Radiance  Pois           16%        N/A       98%         4
 Blink                    Tloc           0%         N/A       99%         2
 Sublimation of Blood     Necr           0%         N/A       99%         2
 Mephitic Cloud           Conj/Pois/Air  5%         N/A       99%         3
 Dazzling Flash           Conj/Hex       0%         N/A       100%        3
 Frozen Ramparts          Ice            0%         1d2       100%        3
 Gell's Gravitas          Tloc           0%         N/A       100%        3
 Lesser Beckoning         Tloc           0%         N/A       100%        3
 Ozocubu's Armour         Ice            0%         N/A       100%        3
 Portal Projectile        Hex/Tloc       0%         N/A       100%        3
 Teleport Other           Tloc           0%         N/A       100%        3
 Hailstorm                Conj/Ice       0%         3d3       100%        4
 Leda's Liquefaction      Hex/Erth       0%         N/A       100%        4
 Passage of Golubria      Tloc           0%         N/A       100%        4
 Agony                    Necr           0%         N/A       100%        5
 Freezing Cloud           Conj/Ice/Air   0%         6-21      100%        5
 Manifold Assault         Tloc           0%         N/A       100%        5
 Silence                  Hex/Air        0%         N/A       100%        5
 Yara's Violent Unravell  Hex/Tmut       7%         3d5       100%        5
 Dispersal                Tloc           0%         N/A       100%        6
 Ozocubu's Refrigeration  Ice            0%         4d5       100%        7
 Polar Vortex             Ice            0%         N/A       100%        9
 Summon Small Mammal      Summ           Unusable   N/A       N/A         1
 Call Canine Familiar     Summ           Unusable   N/A       N/A         3
 Summon Guardian Golem    Hex/Summ       Unusable   N/A       N/A         3
 Tukima's Dance           Hex            Unusable   N/A       N/A         3
 Simulacrum               Ice/Necr       Unusable   N/A       N/A         6
 Summon Hydra             Summ           Unusable   N/A       N/A         7

Dungeon Overview and Level Annotations

Branches:
Dungeon (14/15)            Temple (1/1) D:6            Lair (6/6) D:11
  Swamp (0/4) Lair:3       Spider (0/4) Lair:4        Slime (0/5) Lair:5
    Orc (2/2) D:11            Elf (1/3) Orc:2        Vaults (0/5) D:13
Ossuary (visited)           IceCv (visited)

Altars:
Cheibriados
Dithmenos
Elyvilon
Fedhas
Gozag
Hepliaklqana
Kikubaaqudgha
Makhleb
Nemelex Xobeh
Okawaru
Qazlal
Sif Muna
Trog
Uskayaw
Vehumet
Wu Jian
Xom
Yredelemnul
Zin
The Shining One
Beogh
Jiyva

Shops:
D:2 !   D:8 =[!!=   D:11 !**   Orc:2 [(=*

Annotations:
D:13 Agnes
Elf:1 1 runed translucent door


Innate Abilities, Weirdness & Mutations

((You are very nimble when in or above water. (Stealth+, EV+, Speed+++)))
Your lower body shifts to a powerful aquatic tail in water.
You are occasionally teleported next to monsters.


Message History

You reach to attack!
You closely miss Agnes.
The vampire mosquito buzzes angrily.
You hear a shout! x2
A two-headed ogre comes into view.
It is wielding a +0 giant spiked club and a +0 giant club.
Agnes closely misses you.
Agnes hits you with a +4 vampiric lajatang!!
You climb upwards.
There is a stone staircase leading down here.
You miss Agnes. Agnes misses you.
You barely miss Agnes.
Agnes hits you with a +4 vampiric lajatang. x2
You miss Agnes.
Agnes hits you with a +4 vampiric lajatang.
You slash Agnes!
Agnes is poisoned.
Agnes is lightly wounded.
Agnes hits you with a +4 vampiric lajatang!
You closely miss Agnes.
Agnes is lightly wounded.
Agnes hits you with a +4 vampiric lajatang!
Agnes draws strength from your wounds!
You miss Agnes.
Agnes is lightly wounded.
Agnes hits you with a +4 vampiric lajatang! x2
* * * LOW HITPOINT WARNING * * *
Agnes draws strength from your wounds!
Agnes bows.
Agnes misses you.
You fade into invisibility!
Agnes closely misses you.
Agnes hits you with a +4 vampiric lajatang!!
* * * LOW HITPOINT WARNING * * *
Agnes misses you.
As you read the scroll of teleportation, it crumbles to dust.
You feel strangely unstable. Agnes barely misses you.
Agnes hits you with a +4 vampiric lajatang!
* * * LOW HITPOINT WARNING * * *
Agnes draws strength from your wounds! Agnes closely misses you.
You see here a +0 rapier.
Agnes hits you with a +4 vampiric lajatang!!
You die...

# #.# #........########...###..
#####.###..................####..
..................####...........
####.............................
##.....#.........###.............
...#.#.#.).......###..##.........
####.#.#.####.####...###.........
#.#.#.####.#.....## #...<.....
#.#........#i@..##########..#.
####....#......).................
.....##........############..####
....##....#..### #.##
....#..#..>.## ##.# ....#.#...###
######..###
..........###########.........#
...........................)..#
......##.#.#########..........#


You could see Agnes (very poisoned).

Vanquished Creatures
  2 deep elf sorcerers (Elf:1)
  2 orc warlords
  A stone giant (Orc:2)
  4 ettins (Orc:2)
  An ice dragon (Lair:6)
  Erolcha (Orc:1)
  An ogre mage (Orc:2)
  11 hydras
  Erica (Orc:1)
  2 death knights (D:13)
  2 centaur warriors
  A catoblepas (Lair:3)
  2 dancing weapons (Elf:1)
  10 two-headed ogres
  An orc high priest (Orc:2)
  Urug (Lair:5)
  A skeletal warrior (D:13)
  3 bog bodies
  An orb spider (Lair:4)
  A deep elf archer (Elf:1)
  2 lindwurms
  A phantasmal warrior (D:13)
  4 deep elf zephyrmancers (Elf:1)
  2 necromancers
  4 deep elf pyromancers
  An orc knight (Orc:2)
  2 orc sorcerers
  2 manticores
  8 cyclopes (Orc:2)
  2 ice statues (IceCv)
  13 elephants
  6 black mambas
  11 cane toads
  7 torpor snails
  An unseen horror (D:10)
  2 entropy weaver simulacra (IceCv)
  3 kobold demonologists
  4 anaconda simulacra (IceCv)
  2 rime drakes (D:11)
  5 ice devils (IceCv)
  3 freezing wraiths
  6 komodo dragons
  A merfolk (shapeshifter) (D:13)
  10 trolls
  4 tyrant leeches (Lair:6)
  8 hornets
  6 polar bears
  3 blink frogs (Lair:1)
  5 dream sheep (Lair:5)
  An air elemental (Elf:1)
  3 wraiths (D:13)
  A shadow (D:6)
  42 yaks
  2 vampires
  3 dire elephant simulacra (IceCv)
  3 wyverns
  4 basilisks
  2 steam dragons
  4 wargs
  A death yak simulacrum (IceCv)
  Menkaure (D:6)
  A harpy simulacrum (IceCv)
  An acid dragon (D:13)
  12 water moccasins
  5 black bears
  A sky beast (D:5)
  2 ice beasts
  28 orc warriors
  A necrophage (D:7)
  4 ogres
  11 centaurs
  17 wolves
  2 kobold brigands
  17 bullfrogs
  2 gnoll sergeants
  An earth elemental (Elf:1)
  5 scorpions
  A cane toad simulacrum (IceCv)
  2 water moccasin zombies (D:5)
  5 killer bees (D:11)
  9 wights
  A howler monkey (D:10)
  2 electric eels
  A bullfrog zombie (D:5)
  3 centaur zombies
  4 crimson imps (D:12)
  2 jellies (D:5)
  3 hounds (D:6)
  2 human zombies (Ossuary)
  A bullfrog skeleton (D:6)
  A centaur skeleton (D:7)
  16 orc priests
  2 iguanas
  22 orc wizards
  A spriggan simulacrum (IceCv)
  A killer bee zombie (D:6)
  A hound skeleton (D:4)
  5 mummies
  13 gnolls
  5 adders
  A shadow imp (D:5)
  2 white imps
  An ufetubus (IceCv)
  2 worms (D:2)
  2 dart slugs (D:2)
  66 orcs
  5 ball pythons
  2 bats (D:1)
  3 endoplasms
  2 giant cockroaches
  A gnoll zombie (Ossuary)
  4 goblins
  4 hobgoblins
  9 jackals
  17 kobolds
  2 quokkas
  8 frilled lizards
  3 hobgoblin zombies (Ossuary)
  An orc zombie (Ossuary)
  5 rats
597 creatures vanquished.

Vanquished Creatures (others)
  71 fungi
  55 plants
126 creatures vanquished.

Grand Total: 723 creatures vanquished

Notes
Turn   | Place    | Note
-------+----------+-------------------------------------------
     0 | D:1      | mcbry74 the Merfolk Gladiator began the quest for the Orb.
     0 | D:1      | Reached XP level 1. HP: 16/16 MP: 1/1
   211 | D:1      | Reached XP level 2. HP: 6/23 MP: 2/2
   890 | D:1      | Reached skill level 5 in Polearms
  1084 | D:1      | Reached XP level 3. HP: 28/28 MP: 3/3
  1344 | D:2      | Found a faded altar of an unknown god.
  1396 | D:2      | Reached XP level 4. HP: 34/34 MP: 4/4
  1578 | D:2      | Found Xoaqot's Distillery.
  1589 | D:2      | Bought a potion of lignification for 33 gold pieces
  1589 | D:2      | Bought a potion of curing for 33 gold pieces
  2051 | D:3      | Found a blossoming altar of Fedhas.
  2339 | D:3      | Identified a scroll of acquirement
  2339 | D:3      | Acquired a manual of Polearms
  2635 | D:4      | Reached skill level 6 in Polearms
  2635 | D:4      | Reached XP level 5. HP: 8/41 MP: 5/5
  2732 | D:4      | Found a shimmering blue altar of Sif Muna.
  2839 | D:4      | Found an opulent altar of Gozag.
  3050 | D:4      | Reached skill level 5 in Dodging
  3186 | D:5      | Entered Level 5 of the Dungeon
  3200 | D:5      | Noticed a water moccasin
  3208 | D:5      | Killed a water moccasin
  3209 | D:5      | Reached skill level 8 in Polearms
  3209 | D:5      | Reached XP level 6. HP: 16/47 MP: 6/6
  3284 | D:4      | Reached skill level 9 in Polearms
  3292 | D:5      | Reached XP level 7. HP: 53/54 MP: 7/7
  3332 | D:5      | Found an ornate altar of the Wu Jian Council.
  3456 | D:5      | Reached skill level 10 in Polearms
  4306 | D:6      | Noticed Menkaure
  4313 | D:6      | Killed Menkaure
  4314 | D:6      | Reached skill level 11 in Polearms
  4314 | D:6      | Reached XP level 8. HP: 61/61 MP: 8/8
  4359 | D:6      | Found a staircase to the Ecumenical Temple.
  4368 | Temple   | Entered the Ecumenical Temple
  4422 | Temple   | Became a worshipper of Warmaster Okawaru
  4473 | D:6      | Reached skill level 5 in Fighting
  4473 | D:6      | Reached skill level 12 in Polearms
  4581 | D:6      | Found an ancient bone altar of Kikubaaqudgha.
  4583 | D:6      | Noticed a shadow
  4603 | D:6      | Killed a shadow
  4694 | D:6      | Reached skill level 13 in Polearms
  4796 | D:6      | Found a radiant altar of Vehumet.
  4830 | D:6      | Reached skill level 5 in Throwing
  4946 | D:6      | Reached * piety under Okawaru
  5019 | D:6      | Found an ancient bone altar of Kikubaaqudgha.
  5051 | D:6      | Noticed a hornet
  5063 | D:6      | Killed a hornet
  5064 | D:6      | Reached XP level 9. HP: 40/69 MP: 9/9
  5231 | D:6      | Found a bloodstained altar of Trog.
  5327 | D:7      | Reached skill level 14 in Polearms
  5494 | D:7      | Found a shimmering altar of Xom.
  5550 | D:7      | Found a stormy altar of Qazlal.
  5574 | D:7      | Found a sand-covered staircase.
  5590 | Ossuary  | Entered an ossuary
  6062 | D:7      | Reached ** piety under Okawaru
  6499 | D:8      | Found Myakh's Jewellery Shoppe.
  6525 | D:8      | Found Zamy's Distillery.
  6533 | D:8      | Bought a potion of might for 60 gold pieces
  6544 | D:8      | Found Cinloudi's Distillery.
  6673 | D:8      | Found Mediz's Antique Armour Boutique.
  6706 | D:8      | Noticed a hornet
  6715 | D:8      | Killed a hornet
  6716 | D:8      | Reached skill level 1 in Invocations
  6716 | D:8      | Reached skill level 1 in Evocations
  6720 | D:8      | Found Xiroufogg's Jewellery Emporium.
  6858 | D:8      | Found a sparkling altar of Nemelex Xobeh.
  7053 | D:8      | Reached skill level 1 in Armour
  7188 | D:8      | Found a snail-covered altar of Cheibriados.
  7370 | D:9      | Reached XP level 10. HP: 77/77 MP: 11/11
  7382 | D:9      | Learned a level 2 spell: Wereblood
  7606 | D:10     | Entered Level 10 of the Dungeon
  7632 | D:10     | Noticed a manticore
  7649 | D:10     | Killed a manticore
  7650 | D:10     | Reached skill level 1 in Transmutations
  7732 | D:10     | Reached *** piety under Okawaru
  7780 | D:10     | Noticed an unseen horror
  7786 | D:10     | Killed an unseen horror
  7798 | D:10     | Reached skill level 15 in Polearms
  7819 | D:10     | Acquired the +12 bardiche of Foolhardiness {antimagic,
                  | rPois rF+ Will- rCorr Stlth+}
  8009 | D:10     | Received a gift from Okawaru
  8399 | D:11     | Found Tawkov's Overcharged Wands.
  8402 | D:11     | Noticed a manticore
  8413 | D:11     | Killed a manticore
  8469 | D:11     | Noticed a two-headed ogre
  8472 | D:11     | Killed a two-headed ogre
  8477 | D:11     | Received a gift from Okawaru
  8479 | D:11     | Found Hetiypp's General Store.
  8522 | D:11     | Found a frozen archway.
  8549 | IceCv    | Entered an ice cave
  8562 | IceCv    | Reached **** piety under Okawaru
  8566 | IceCv    | Reached XP level 11. HP: 62/85 MP: 4/13
  8610 | IceCv    | Received a gift from Okawaru
  8757 | IceCv    | Noticed a bog body
  8757 | IceCv    | Noticed a necromancer
  8762 | IceCv    | Killed a bog body
  8763 | IceCv    | Reached skill level 16 in Polearms
  8763 | IceCv    | Reached skill level 10 in Dodging
  8766 | IceCv    | Killed a necromancer
  8950 | IceCv    | Reached ***** piety under Okawaru
  9053 | IceCv    | Reached skill level 5 in Transmutations
  9539 | D:11     | Noticed a two-headed ogre
  9544 | D:11     | Killed a two-headed ogre
  9544 | D:11     | Received a gift from Okawaru
  9619 | D:11     | Reached skill level 5 in Invocations
  9631 | D:11     | Reached XP level 12. HP: 70/94 MP: 5/15
  9766 | D:11     | Found a staircase to the Lair.
  9774 | Lair:1   | Entered Level 1 of the Lair of Beasts
  9810 | Lair:1   | Identified the +0 buckler "Kacizo" {Int+4} (Okawaru gifted
                  | it to you on level 1 of the Lair of Beasts)
  9810 | Lair:1   | Received a gift from Okawaru
  9821 | Lair:1   | Reached skill level 17 in Polearms
  9838 | Lair:1   | Reached skill level 10 in Throwing
 10140 | Lair:1   | Reached skill level 5 in Evocations
 11264 | Lair:2   | Reached skill level 18 in Polearms
 11264 | Lair:2   | Reached XP level 13. HP: 97/101 MP: 5/17
 11836 | Lair:3   | Reached ****** piety under Okawaru
 12048 | Lair:3   | Received a gift from Okawaru
 12099 | Lair:3   | Received a gift from Okawaru
 12610 | Lair:3   | Found a staircase to the Swamp.
 13079 | Lair:4   | Received a gift from Okawaru
 13143 | Lair:4   | Found a hole to the Spider Nest.
 13443 | Lair:4   | Received a gift from Okawaru
 14063 | Lair:5   | Noticed Urug
 14075 | Lair:5   | Killed Urug
 14075 | Lair:5   | Received a gift from Okawaru
 14428 | Lair:5   | Found a staircase to the Slime Pits.
 14428 | Lair:5   | Found a viscous altar of Jiyva.
 14487 | Lair:5   | Reached skill level 19 in Polearms
 14487 | Lair:5   | Reached skill level 5 in Armour
 14756 | Lair:5   | Received a gift from Okawaru
 14966 | Lair:6   | Entered Level 6 of the Lair of Beasts
 14972 | Lair:6   | Reached skill level 10 in Fighting
 15031 | Lair:6   | Reached XP level 14. HP: 86/110 MP: 6/19
 15108 | Lair:6   | Received a gift from Okawaru
 15560 | Lair:6   | Identified the +3 ring mail "Cula" {Dex+4 Stlth+} (Okawaru
                  | gifted it to you on level 6 of the Lair of Beasts)
 15560 | Lair:6   | Received a gift from Okawaru
 16104 | Lair:6   | Found a runed translucent door.
 16676 | D:8      | Bought a potion of heal wounds for 65 gold pieces
 16676 | D:8      | Bought a potion of heal wounds for 65 gold pieces
 16676 | D:8      | Bought 2 potions of cancellation for 208 gold pieces
 16676 | D:8      | Bought a potion of heal wounds for 65 gold pieces
 16691 | D:8      | Bought a pair of runed gloves for 270 gold pieces
 16754 | D:8      | Bought a ring of protection from fire for 325 gold pieces
 16847 | D:11     | Found a staircase to the Orcish Mines.
 16951 | D:11     | Found Qoese's Distillery.
 17193 | Orc:1    | Entered Level 1 of the Orcish Mines
 17218 | Orc:1    | Noticed Erica
 17228 | Orc:1    | Reached skill level 20 in Polearms
 17234 | Orc:1    | Killed Erica
 17452 | Orc:1    | Noticed Erolcha
 17468 | Orc:1    | Gained mutation: You are occasionally teleported next to
                  | monsters. [a neqoxec]
 17683 | Orc:1    | Cast into level 1 of the Abyss (Erolcha)
 17707 | Abyss:1  | Noticed a tentacled starspawn
 17758 | Abyss:1  | Noticed a starcursed mass
 17768 | Abyss:1  | Noticed a starcursed mass
 17782 | Orc:1    | Escaped the Abyss
 17991 | Orc:1    | Killed Erolcha
 18047 | Orc:1    | Reached skill level 1 in Poison Magic
 18060 | Orc:1    | Noticed an orc warlord
 18079 | Orc:1    | Killed an orc warlord
 18486 | Orc:2    | Entered Level 2 of the Orcish Mines
 18550 | Orc:2    | Found a staircase to the Elven Halls.
 18586 | Orc:2    | Received a gift from Okawaru
 18745 | Orc:2    | Found Qocriem's General Store.
 18879 | Orc:2    | Noticed a stone giant
 18891 | Orc:2    | Killed a stone giant
 18892 | Orc:2    | Reached XP level 15. HP: 117/117 MP: 3/20
 18929 | Orc:2    | Received a gift from Okawaru
 19436 | Orc:2    | Found Esudeen's Jewellery Shop.
 19623 | Orc:2    | Found Nuvyom's Antique Weapon Boutique.
 19625 | Orc:2    | Noticed an orc warlord
 19661 | Orc:2    | Killed an orc warlord
 19801 | Orc:2    | Found Mihudeir's Antique Armour Shop.
 19809 | Orc:2    | Bought a pair of steaming gloves for 361 gold pieces
 19809 | Orc:2    | Identified the +2 pair of gloves of Xonopi {Int+4} (You
                  | bought it in a shop on level 2 of the Orcish Mines)
 19984 | Elf:1    | Entered Level 1 of the Elven Halls
 19984 | Elf:1    | Noticed a deep elf sorcerer
 19984 | Elf:1    | Noticed a deep elf sorcerer
 19984 | Elf:1    | Found a runed translucent gate.
 19984 | Elf:1    | Found a runed translucent gate.
 19984 | Elf:1    | Found a runed translucent gate.
 19984 | Elf:1    | Found a runed translucent gate.
 19984 | Elf:1    | Found a runed translucent gate.
 19984 | Elf:1    | Found a runed translucent gate.
 19985 | Elf:1    | Found a runed translucent door.
 19993 | Elf:1    | Received a gift from Okawaru
 20015 | Elf:1    | Found a runed translucent door.
 20083 | Elf:1    | Received a gift from Okawaru
 20157 | Elf:1    | Killed a deep elf sorcerer
 20164 | Elf:1    | Killed a deep elf sorcerer
 20979 | D:12     | Found a shimmering altar of Xom.
 21503 | D:13     | Received a gift from Okawaru
 21742 | D:13     | Received a gift from Okawaru
 21929 | D:13     | Found a gate to the Vaults.
 21987 | D:13     | Reached skill level 5 in Poison Magic
 22206 | D:14     | Noticed Agnes
 22223 | D:13     | HP: 3/120 [Agnes/+4 vampiric lajatang (12)]
 22225 | D:13     | Annihilated by Agnes

Illustrated notes

Levels and vault maps discovered:
D:1:      dpeg_arrival_three_same_balls, layout_rooms
D:2:      layout_loops_ring, basic_ecumenical_altar, serial_shops,
          nicolae_diamond_shop
D:3:      layout_basic, fedhas_altar_2
D:4:      layout_basic, overflow_temple_1_default,
          nicolae_sif_muna_condensation, chequers_jeans
D:5:      layout_basic, nzn_wu_jian_contemplation
D:6:      wad_crossroads, layout_basic, mainiacjoe_overflow_alcove_1,
          lightli_temple_of_fire, kennysheep_doodads, hangedman_feature_mirror,
          kennysheep_generic_room_10, uniq_menkaure
D:7:      layout_rooms, mainiacjoe_overflow_cross_hatched,
          nicolae_overflow_crystal_walls, nicolae_ossuary_entry_false_entrances
D:8:      layout_basic, slow_altar_2, kennysheep_mini, serial_shops,
          shop_fountains, kennysheep_little_box, nicolae_shop_statue_plus, shop,
          nicolae_shop_stone
D:9:      layout_rooms, corexii_corridor_pit, nicolae_water_bricks
D:10:     layout_irregular_city
D:11:     layout_gridville, grunt_lair_entry_orc_guard_hut, orc_0_dummy,
          portal_ice_cave_rime, serial_shops, nicolae_shop_trees, shop,
          minivault_25, nicolae_shop_overcharged_wands
D:12:     wander_river, layout_loops_corners, chequers_serial_rivers_room_a,
          led_xom_imps
D:13:     layout_rooms, david_vaults_1
D:14:     layout_cross, bh_walls_and_bars, serial_shops,
          nicolae_inconvenience_store, uniq_agnes
Temple:   minmay_temple_bridge_abc
Lair:1:   layout_loops_ring, infiniplex_staircase_pool_2
Lair:2:   beast_lair_carwin_large_2, layout_cave_shapes, grunt_megastairs_2
Lair:3:   layout_loops_ring, skrybe_swamp_entry_bodies
Lair:4:   layout_regular_city, nicolae_spider_entry_orb_guardian
Lair:5:   layout_cellular_growth, slime_altar_1, serial_bayou_shore_a, uniq_urug
Lair:6:   wormcave, layout_regular_city
Orc:1:    layout_caves, basic_altar, uniq_erica, uniq_erolcha
Orc:2:    grunt_orc_gardens, layout_caves, grunt_orc_garden, grunt_orc_garden,
          grunt_orc_garden, grunt_orc_garden
Elf:1:    nicolae_elf_arrival_dilemma, layout_geoelf_diagonals, serial_shops,
          nicolae_shop_stone, orc_legates, amethyst_killhole,
          einodemon_crawler_minivault, uniq_asterion

Skill      XL: |  1  2  3  4  5  6  7  8  9 10 11 12 13 14 15 |
---------------+----------------------------------------------+-----
Polearms       | 5 6 8 9 11 13 14 15 16 18 19 20 | 20.8
Fighting       | 3 4 5 6 7 8 9 10 11 | 11.7
Dodging        | 5 6 7 9 10 11 12 13 | 13.9
Throwing       | 3 4 5 7 8 9 10 11 12 13 | 13.5
Invocations    | 1 3 5 6 7 |  7.9
Evocations     | 1 3 4 5 6 7 8 |  8.9
Armour         | 1 2 3 4 5 6 7 |  7.0
Transmutations | 3 5 7 8 9 |  9.3
Poison Magic   | 2 5 |  5.0

Action                   |  1- 3 |  4- 6 |  7- 9 | 10-12 | 13-15 || total
-------------------------+-------+-------+-------+-------+-------++-------
Melee: Trident           |   118 |    98 |   193 |       |    88 ||   497
       Punch             |     4 |     1 |     5 |       |     2 ||    12
       Halberd           |       |       |    75 |    24 |       ||    99
       Bardiche          |       |       |       |   367 |   694 ||  1061
       Tailslap          |       |       |       |     5 |       ||     5
       Glaive            |       |       |       |       |    43 ||    43
Throw: Throwing net      |       |     2 |       |       |     1 ||     3
       Boomerang         |       |       |    38 |    74 |   434 ||   546
       Dart              |       |       |    19 |     7 |     4 ||    30
       Stone             |       |       |     2 |       |       ||     2
       Javelin           |       |       |       |    10 |     7 ||    17
 Cast: Wereblood         |       |       |       |       |     2 ||     2
Invok: Finesse           |       |       |       |       |     6 ||     6
       Heroism           |       |       |       |       |     1 ||     1
Evoke: Wand              |       |       |       |       |     6 ||     6
  Use: Scroll            |     1 |     6 |    11 |     2 |     7 ||    27
       Potion            |       |     1 |       |     1 |     7 ||     9
 Stab: Sleeping          |     2 |       |     5 |       |     3 ||    10
       Paralysed         |       |       |       |       |     4 ||     4
Armor: Leather armour    |    27 |    15 |    25 |     2 |       ||    69
       Chain mail        |       |       |       |   145 |   121 ||   266
       Scale mail        |       |       |       |       |    26 ||    26
       Ring mail         |       |       |       |       |   102 ||   102
Dodge: Dodged            |    78 |    47 |   114 |   166 |   502 ||   907
Block: Buckler           |       |       |       |       |     3 ||     3
